 Dungeon Crawl Stone Soup version 0.24-a0-232-g49d9ff80d8 (webtiles) character file.

Game seed: 10648983196852315781

7 Redear the Digger (level 2, 13/17 HPs)
             Began as an Octopode Earth Elementalist on Apr 3, 2019.
             Quit the game on level 1 of the Dungeon on Apr 4, 2019.
             The game lasted 00:03:11 (95 turns).

Redear the Digger (Octopode Earth Elementalist)       Turns: 95, Time: 00:03:12

Health: 13/17      AC:  1    Str:  7    XL:     2   Next: 4%
Magic:  0/5        EV: 13    Int: 17    God:
Gold:   17         SH:  0    Dex: 12    Spells: 4/5 levels left

rFire    . . .     SeeInvis .   (no weapon)
rCold    . . .     Gourm    .   (no shield)
rNeg     . . .     Faith    .   (helmet restricted)
rPois    .         Spirit   .   (no amulet)
rElec    .         Reflect  .   (no ring)
rCorr    .         Harm     .   (no ring)
MR       .....                  (no ring)
Stlth    +++.......             (no ring)
HPRegen  0.05/turn              (no ring)
MPRegen  0.09/turn              (no ring)
                                (no ring)
                                (no ring)

@: no status effects
A: almost no armour, stealthy swim, amphibious, 8 rings, constrict 8, camouflage
1, gelatinous body 1
a: no special abilities


You were on level 1 of the Dungeon.
You were not hungry.

You visited 1 branch of the dungeon, and saw 1 of its levels.

You collected 17 gold pieces.

Inventory:

Missiles
 Q - 22 stones (quivered)
Scrolls
 b - a scroll of identify {unknown}
 d - a scroll of teleportation {unknown}
Potions
 a - a potion of heal wounds {unknown}
Comestibles
 c - a ration


   Skills:
 + Level 2.1 Dodging
 + Level 3.0 Stealth
 + Level 2.1 Spellcasting
   Level 1.0 Transmutations
 + Level 3.1 Earth Magic


You had 4 spell levels left.
You knew the following spells:

 Your Spells              Type           Power        Failure   Level  Hunger
a - Sandblast             Erth           ##....       5%          1    #......

Your spell library contained the following spells:

 Spells                   Type           Power        Failure   Level  Hunger
 Passwall                 Tmut/Erth      #.......     12%         2    ###....
 Stone Arrow              Conj/Erth      #.....       30%         3    ###....
 Petrify                  Tmut/Erth      #.......     63%         4    #####..
 Lee's Rapid Deconstruct  Erth           ##........   82%         5    ######.


Dungeon Overview and Level Annotations

Branches:
Dungeon (1/15)

Altars:


Innate Abilities, Weirdness & Mutations

You cannot wear most types of armour.
You are very stealthy in the water. (Stealth+)
You are amphibious.
You can wear up to eight rings at the same time.
You can use your tentacles to constrict eight enemies at once.
Your skin changes colour to match your surroundings (Stealth+).
Your rubbery body absorbs attacks. (AC +1, EV +1)


Message History

Aim: a goblin, wielding a +0 dagger The blast of sand hits the goblin.
You kill the goblin!
Your Stealth skill increases to level 3!
You have reached level 2!
Q - 22 stones
* * * LOW MAGIC WARNING * * *
A rat comes into view.
You regained 5 hp, and now have 13/17 hp.
You now have 0/5 mp.
Unknown command.
Unknown command.
Unknown command.
Unknown command.
Welcome back, Redear the Octopode Earth Elementalist.
Saving game... please wait.
Welcome back, Redear the Octopode Earth Elementalist.
Press ? for a list of commands and other information.
Okay, then.
Are you sure you want to abandon this character and quit the game? (Confirm with "yes".)

#...# #...#####
#.......#
#..####.# #
##...## #
###.##.....##.#
#.........#.....
#..#.##..##.##...
..#.###.@†.r..#
.........####.#
.#######)# #.#
#.# ... ... ....
.....


You could see a rat.

Vanquished Creatures
  2 goblins (D:1)
  2 jackals (D:1)
  A ball python (D:1)
  2 frilled lizards (D:1)
7 creatures vanquished.

Notes
Turn   | Place    | Note
-------+----------+-------------------------------------------
     0 | D:1      | Redear the Octopode Earth Elementalist began the quest for
                  | the Orb.
     0 | D:1      | Reached XP level 1. HP: 11/11 MP: 3/3
    11 | D:1      | Identified a +0 dagger
    87 | D:1      | Identified a +0 dagger
    93 | D:1      | Reached skill level 3 in Stealth
    93 | D:1      | Reached XP level 2. HP: 13/17 MP: 0/5
    95 | D:1      | Upgraded the game from 0.24-a0-230-g536ed4e33c to
                  | 0.24-a0-232-g49d9ff80d8
    95 | D:1      | Quit the game

Levels and vault maps discovered:
D:1:      wheals_arrival_shading, layout_loops_cross

Skill      XL: |  1 |
---------------+----+-----
Stealth        | 3 |  3.0
Dodging        | |  2.1
Spellcasting   | |  2.1
Transmutations | |  1.0
Earth Magic    | |  3.1

Action                   || total
-------------------------++-------
 Cast: Sandblast         ||     8
Dodge: Dodged            ||     1

Table legend:
 A = Non-vault XP
 B = Vault XP
 C = Vault XP percentage of total XP
 D = Non-vault monster count
 E = Vault monster count
 F = Vault count percentage of total count
                 A         B        C        D         E       F
            +---------+---------+-------+---------+---------+-------
      Total |      11 |       0 |   0.0 |       7 |       0 |   0.0
            +---------+---------+-------+---------+---------+-------
        D:1 |      11 |       0 |   0.0 |       7 |       0 |   0.0
            +---------+---------+-------+---------+---------+-------
